 Dungeon Crawl Stone Soup version 0.30-a0-557-ge2afbf3030 (webtiles) character file.

Game seed: 8063129733712437345

170 HoaS the Shooter (level 5, -3/30 HPs)
             Began as a Tengu Hunter on Dec 27, 2022.
             Succumbed to an orc wizard's poison
             ... on level 4 of the Dungeon.
             The game lasted 00:04:16 (2305 turns).

HoaS the Shooter (Tengu Hunter)                     Turns: 2305, Time: 00:04:16

Health: -3/30      AC:  5    Str: 11    XL:     5   Next: 50%
Magic:  6/6        EV: 14    Int:  9    God:
Gold:   251        SH:  0    Dex: 20    Spells: 4/4 levels left

rFire   . . .      SeeInvis .    a - +1 shortbow
rCold   . . .      Faith    .    (shield currently unavailable)
rNeg    . . .      Spirit   .    c - +0 leather armour
rPois   .          Reflect  .    (helmet restricted)
rElec   .          Harm     .    (no cloak)
rCorr   .          Rampage  .    i - +1 pair of gloves
Will    .....                    (boots unavailable)
Stlth   ++                       (no amulet)
HPRegen 0.25/turn                (no ring)
MPRegen 0.10/turn                (no ring)

@: lethally poisoned (-3 -> -16), flying quickly and evasively, quick
A: beak, talons 3, nimble flight
a: no special abilities


You were on level 4 of the Dungeon.
You visited 1 branch of the dungeon, and saw 4 of its levels.

You collected 251 gold pieces.

Inventory:

Hand Weapons
 a - a +1 shortbow (weapon)
Armour
 c - a +0 leather armour (worn)
 i - a +1 pair of gloves (worn)
Wands
 d - a wand of paralysis (9)
 e - a wand of digging (4)
Scrolls
 b - 2 scrolls of immolation
 f - a scroll of vulnerability
 k - a scroll of blinking
Potions
 g - a potion of might
 h - a potion of curing
 j - a potion of mutation {unknown}


   Skills:
 - Level 2.0 Fighting
 * Level 7.2 Ranged Weapons
 - Level 2.1 Dodging
 - Level 1.0 Stealth


You had 4 spell levels left.
You didn't know any spells.
Your spell library contained the following spells:

 Spells                   Type           Power      Damage    Failure   Level
 Apportation              Tloc           0%         N/A       47%         1
 Necrotise                Necr           0%         1d4       47%         1
 Slow                     Hex            0%         N/A       47%         1
 Summon Small Mammal      Summ           0%         N/A       47%         1
 Confusing Touch          Hex            0%         N/A       85%         3
 Vampiric Draining        Necr           0%         2d6       85%         3


Dungeon Overview and Level Annotations

Branches:
Dungeon (4/15)
 Temple: D:4-7

Altars:
Elyvilon
Vehumet
Zin

Shops:
D:2 (


Innate Abilities, Weirdness & Mutations

You have a beak for a mouth.
You have claws for feet.
Your magical nature lets you fly swiftly and evasively.


Message History

Unknown command.
The orc wizard gestures at you while chanting.
Keep equipping yourself?
The magic dart hits you.
You start putting on your armour.
You continue putting on your +1 pair of gloves. x3
The orc wizard barely misses you.
You continue putting on your +1 pair of gloves.
The orc wizard hits you with a +0 dagger of venom.
You finish putting on your +1 pair of gloves.
You shoot an arrow.
The arrow hits the orc wizard but does no damage.
You hear a shout!
The orc wizard barely misses you.
You shoot an arrow. The arrow hits the orc wizard!
The orc wizard is severely wounded.
The orc wizard barely misses you.
You shoot an arrow. The arrow hits the orc wizard.
The orc wizard is severely wounded.
An orc comes into view. It is wielding a +0 dagger.
The orc wizard hits you with a +0 dagger of venom.
You are poisoned.
You shoot an arrow.
The arrow closely misses the orc wizard.
You feel sick.
The orc wizard hits you with a +0 dagger of venom.
You are more poisoned.
You shoot an arrow. The arrow barely misses the orc wizard.
The arrow hits the orc.
The orc is moderately wounded.
You feel very sick. The orc wizard casts a spell at you.
The puff of flame hits you!
* * * LOW HITPOINT WARNING * * *
The orc wizard casts a spell at you. The magic dart hits you.
* * * LOW HITPOINT WARNING * * *
You shoot an arrow. The arrow hits the orc wizard!
You kill the orc wizard!
You die...

##.......##
#.........###o.
+.........'..
#....)....#
#.......#
##.....## ##...##
##+## #@# #)#
##o## ####...###
>..........######
#####............
#...#..######
#...#..# #......#


You could see an orc.

Vanquished Creatures
  A howler monkey (D:3)
  An iguana (D:3)
  An orc wizard (D:4)
  Robin (D:2)
  3 adders
  A dart slug (D:2)
  An orc (D:3)
  6 ball pythons
  5 endoplasms
  A giant cockroach (D:2)
  10 goblins
  11 hobgoblins
  3 quokkas (D:2)
  3 bats
  3 frilled lizards
  6 kobolds
  4 rats
61 creatures vanquished.

Notes
Turn   | Place    | Note
-------+----------+-------------------------------------------
     0 | D:1      | HoaS the Tengu Hunter began the quest for the Orb.
     0 | D:1      | Reached XP level 1. HP: 12/12 MP: 2/2
    71 | D:1      | Reached XP level 2. HP: 17/17 MP: 3/3
   119 | D:1      | Reached skill level 5 in Ranged Weapons
   527 | D:2      | Reached XP level 3. HP: 21/21 MP: 4/4
   552 | D:2      | Noticed Robin
   731 | D:2      | Killed Robin
   762 | D:2      | Found Pivupin's Weapon Shop.
   842 | D:2      | Reached skill level 6 in Ranged Weapons
   850 | D:2      | Reached XP level 4. HP: 26/26 MP: 5/5
   972 | D:2      | Found a faded altar of an unknown god.
  1396 | D:3      | Found a white marble altar of Elyvilon.
  1558 | D:3      | Found a radiant altar of Vehumet.
  1675 | D:3      | Found a glowing silver altar of Zin.
  1936 | D:3      | Gained mutation: Your magical nature lets you fly swiftly
                  | and evasively. [Tengu growth]
  1936 | D:3      | Reached XP level 5. HP: 11/30 MP: 6/6
  1960 | D:3      | Reached skill level 7 in Ranged Weapons
  2304 | D:4      | HP: 1/30 [orc wizard/magic dart (5)]
  2305 | D:4      | Succumbed to an orc wizard's poison

Illustrated notes

Levels and vault maps discovered:
D:1:      lightli_arrival_quake, layout_rooms, minmay_octomino_j4
D:2:      layout_basic, basic_ecumenical_altar, serial_shops, shop, uniq_robin
D:3:      layout_basic, elyvilon_altar_5, zin_statuary, lemuel_crystal_altar
D:4:      layout_loops_corners, tso_oasis_becter, kennysheep_cross_room

Skill      XL: |  1  2  3  4  5 |
---------------+----------------+-----
Ranged Weapons | 5 6 7 |  7.2
Fighting       | |  2.0
Dodging        | |  2.1
Stealth        | |  1.0

Action                   |  1- 3 |  4- 6 || total
-------------------------+-------+-------++-------
 Fire: Shortbow          |    88 |    70 ||   158
  Use: Scroll            |     8 |     4 ||    12
       Potion            |       |     1 ||     1
Armor: Leather armour    |    13 |     3 ||    16
Dodge: Dodged            |    31 |    22 ||    53

Table legend: (Time is in decaauts)
 A = Elapsed time spent in this place.
 B = Non-inter-level travel time spent in this place.
 C = Inter-level travel time spent in this place.
 D = Time resting spent in this place.
 E = Time spent auto-exploring this place.
 F = Levels seen in this place.
 G = Mean time per level.
                   A        B        C        D        E       F      G
               +--------+--------+--------+--------+--------+-----+--------+
         Total |   2336 |   2212 |    124 |    341 |   1463 |   4 |  584.0 |
       Dungeon |   2336 |   2212 |    124 |    341 |   1463 |   4 |  584.0 |
               +--------+--------+--------+--------+--------+-----+--------+

Top non-repeatable levels by time:
     D:3: 871 daAuts
     D:2: 805 daAuts
     D:1: 527 daAuts
     D:4: 131 daAuts
